 Dungeon Crawl Stone Soup version 0.21.1-1-g345015f (webtiles) character file.

65 poirepourri the Magician (level 3, 0/19 HPs)
             Began as a Deep Elf Fire Elementalist on July 19, 2018.
             Killed by divine providence
             ... invoked by an orc priest
              (16 damage)
             ... on level 2 of the Dungeon.
             The game lasted 00:02:43 (2350 turns).

poirepourri the Magician (DEFE)                     Turns: 2350, Time: 00:02:44

Health: 0/19       AC:  3    Str:  7    XL:     3   Next: 92%
Magic:  9/12       EV: 13    Int: 20    God:
Gold:   70         SH:  0    Dex: 15    Spells: 4/13 levels left

rFire    . . .     SeeInvis .   (no weapon)
rCold    . . .     Gourm    .   (no shield)
rNeg     . . .     Faith    .   a - +1 robe
rPois    .         Spirit   .   (no helmet)
rElec    .         Reflect  .   (no cloak)
rCorr    .         Harm     .   (no gloves)
MR       .....                  (no boots)
Stlth    ++........             l - amulet of magic regeneration
HPRegen  0.06/turn              t - +2 ring of strength
MPRegen  0.38/turn              (no ring)

@: no status effects
A: no striking features
a: no special abilities


You were on level 2 of the Dungeon.
You were not hungry.

You visited 1 branch of the dungeon, and saw 3 of its levels.

You collected 70 gold pieces.

Inventory:

Armour
 a - a +1 robe (worn)
Jewellery
 l - an amulet of magic regeneration (around neck)
 t - a +2 ring of strength (left hand)
Scrolls
 d - a scroll of remove curse
Potions
 e - a potion of berserk rage {unknown}
 h - a potion of ambrosia {unknown}
 i - a potion of curing {unknown}
 j - a potion of agility {unknown}
 k - 2 potions of haste {unknown}
 o - a potion of magic {unknown}
 s - 2 potions of mutation
Books
 b - a book of Flames

   Spells                             Type                      Level
   a - Flame Tongue                   Conjuration/Fire             1
   b - Throw Flame                    Conjuration/Fire             2
   c - Conjure Flame                  Conjuration/Fire             3
   d - Inner Flame                    Hexes/Fire                   3
   e - Sticky Flame                   Conjuration/Fire             4
   f - Fireball                       Conjuration/Fire             5
Comestibles
 c - 3 rations


   Skills:
 - Level 2.4 Dodging
 - Level 2.4 Stealth
 + Level 5.9 Spellcasting
 - Level 1.1 Conjurations
 - Level 3.2 Fire Magic


You had 4 spell levels left.
You knew the following spells:

 Your Spells              Type           Power        Failure   Level  Hunger
a - Flame Tongue          Conj/Fire      ##...        4%          1    None
b - Throw Flame           Conj/Fire      ##....       6%          2    None
c - Conjure Flame         Conj/Fire      ##......     13%         3    ##.....
d - Inner Flame           Hex/Fire       ##......     16%         3    ##.....


Dungeon Overview and Level Annotations

Branches:
Dungeon (3/15)

Altars:
Ashenzari
Hepliaklqana
Wu Jian


Message History

Aiming: Flame Tongue
Press: ? - help, Shift-Dir - straight line, f/p - orc priest
Aim: an orc priest, wielding a trident and wearing a leather armour (moderately wounded)
The flame tongue hits the orc.
The orc is severely wounded.
The orc closely misses you.
The orc priest hits you but does no damage.
Casting: Flame Tongue
Confirm with . or Enter, or press ? or * to list all spells.
Aiming: Flame Tongue
Press: ? - help, Shift-Dir - straight line, f/p - orc priest
Aim: an orc priest, wielding a trident and wearing a leather armour (moderately wounded)
The flame tongue misses the orc.
The flame tongue hits the orc priest.
The orc priest appears unharmed.
The orc priest is moderately wounded.
The orc hits you with a dagger.
The orc priest calls down the wrath of Beogh upon you.
Beogh smites you!
Ouch! That really hurt!
You die...

.....##.........#
..(.....#######.### ######
#.#..##.# #.>># #..)..
#......)# #.#.#
######.#### #.#..##.#
#.#.#####.........#
#.#..##.#
#o........####.....
.....##.# #o#.#######
#..#.# #.#####.#######o#g#
#..... ...# #.........@.#
#..... ...#####........###
#..#.#
...#...#.###.##.#########
#..#.#
....###..#.......##.....#
#.....
.......#.#...#...##.....#
#.####
...........#............#
#.....
.......#.#.#.....##.....#
#.####
....###.......##.##.....#
#.#
...#.............#########
#.#


You could see an orc priest, 2 orcs and a goblin.

Vanquished Creatures
  2 adders (D:2)
  A worm (D:2)
  A dart slug (D:1)
  4 leopard geckos
  A ball python (D:1)
  3 giant cockroaches
  4 goblins
  2 hobgoblins (D:2)
  2 quokkas (D:2)
  5 bats
  5 frilled lizards
  6 kobolds
  2 rats
38 creatures vanquished.

Notes
Turn   | Place    | Note
-------+----------+-------------------------------------------
     0 | D:1      | poirepourri the Deep Elf Fire Elementalist began the quest for the Orb.
     0 | D:1      | Reached XP level 1. HP: 10/10 MP: 6/6
   603 | D:1      | Reached skill level 4 in Spellcasting
   603 | D:1      | Reached XP level 2. HP: 15/15 MP: 3/9
   922 | D:1      | Found a shattered altar of Ashenzari.
  1179 | D:2      | Reached skill level 5 in Spellcasting
  1179 | D:2      | Reached XP level 3. HP: 19/19 MP: 6/11
  1296 | D:2      | Learned a level 2 spell: Throw Flame
  1300 | D:2      | Learned a level 3 spell: Conjure Flame
  1304 | D:2      | Learned a level 3 spell: Inner Flame
  1689 | D:2      | Found a hazy altar of Hepliaklqana.
  1691 | D:2      | Found a shattered altar of Ashenzari.
  1691 | D:2      | Found an ornate altar of the Wu Jian Council.
  2350 | D:2      | Killed from afar by an orc priest

Skill      XL: |  1  2 |
---------------+-------+-----
Spellcasting   | 4 5 |  5.9
Dodging        | |  2.4
Stealth        | |  2.4
Conjurations   | |  1.1
Fire Magic     | |  3.2

Action                   || total
-------------------------++-------
 Cast: Flame Tongue      ||    57
       Throw Flame       ||    19
  Use: Scroll            ||     9
  Eat: Ration            ||     2
Armor: Robe              ||    10
Dodge: Dodged            ||    26
